 Dungeon Crawl Stone Soup version 0.27-a0-1191-g601b473118 (webtiles) character file.

Game seed: 17311576480277829542

1724 Feb132020 the Zephyrmancer (level 9, -4/46 HPs)
             Began as a Tengu Air Elementalist on May 24, 2021.
             Was an Initiate of Sif Muna.
             Slain by Maggie
             ... wielding a +1 glaive of flaming
              (15 damage)
             ... on level 6 of the Dungeon.
             The game lasted 00:36:12 (7493 turns).

Feb132020 the Zephyrmancer (Tengu Air Elementalist) Turns: 7493, Time: 00:36:13

Health: -4/46      AC:  5    Str:  8    XL:     9   Next: 4%
Magic:  3/14       EV: 16    Int: 22    God:    Sif Muna [......]
Gold:   171        SH:  0    Dex: 16    Spells: 3/13 levels left

rFire    . . .     SeeInvis .   d - +1 dagger
rCold    + . .     Faith    .   (no shield)
rNeg     . . .     Spirit   .   a - +0 robe
rPois    .         Reflect  .   (helmet restricted)
rElec    .         Harm     .   p - +2 cloak
rCorr    .         Rampage  .   (no gloves)
Will     .....                  (boots unavailable)
Stlth    ++........             (no amulet)
HPRegen  0.15/turn              q - ring of Miracles {rC+ Int+4}
MPRegen  0.14/turn              (no ring)

@: flying quickly and evasively, mesmerised, quick
A: beak, talons 3, nimble flight
a: Renounce Religion


You were on level 6 of the Dungeon.
You worshipped Sif Muna.
Sif Muna was noncommittal.
You visited 1 branch of the dungeon, and saw 6 of its levels.
You also visited: Sewer.

You collected 195 gold pieces.
You spent 24 gold pieces at shops.

Inventory:

Hand Weapons
 d - a +1 dagger (weapon)
Missiles
 g - 2 atropa-tipped darts
 h - a throwing net
Armour
 a - a +0 robe (worn)
 p - a +2 cloak (worn)
Jewellery
 q - the ring of Miracles (left hand) {rC+ Int+4}
   (You found it on level 4 of the Dungeon)

   [ring of protection from cold]

   It affects your intelligence (+4).
   It protects you from cold.
 y - a ring of ice
Wands
 r - a wand of mindburst (13)
 s - a wand of flame (15)
Scrolls
 b - 5 scrolls of teleportation
 e - 3 scrolls of magic mapping
 k - 4 scrolls of fear
 l - 2 scrolls of fog
 n - a scroll of summoning
 w - a scroll of blinking
Potions
 c - a potion of magic {unknown}
 f - 3 potions of brilliance
 i - a potion of mutation {unknown}
 j - a potion of haste {unknown}
 m - a potion of degeneration {unknown}
 o - a potion of heal wounds {unknown}
 t - 4 potions of curing
 u - a potion of lignification {unknown}
 v - a potion of might {unknown}
 x - a potion of berserk rage {unknown}
 z - a potion of cancellation {unknown}
 A - a potion of attraction {unknown}
 B - a potion of resistance {unknown}


   Skills:
 + Level 0.8 Fighting
 + Level 1.3 Short Blades
 + Level 3.8 Dodging
 + Level 3.1 Stealth
 - Level 2.8 Spellcasting
 * Level 9.6 Conjurations
 * Level 10.0 Air Magic


You had 3 spell levels left.
You knew the following spells:

 Your Spells              Type           Power      Damage    Failure   Level
a - Shock                 Conj/Air       100%       1d9       1%          1
b - Static Discharge      Conj/Air       46%        N/A       1%          2
s - Swiftness             Air            47%        N/A       1%          3
A - Airstrike             Air            23%        N/A       1%          4

Your spell library contained the following spells:

 Spells                   Type           Power      Damage    Failure   Level
 Animate Skeleton         Necr           6%         N/A       13%         1
 Freeze                   Ice            12%        1d4       13%         1
 Pain                     Necr           12%        1d4       13%         1
 Frozen Ramparts          Ice            6%         1d2       36%         3
 Ozocubu's Armour         Ice            3%         N/A       36%         3
 Vampiric Draining        Necr           1%         2d6       36%         3
 Lightning Bolt           Conj/Air       23%        1d38      6%          5
 Hailstorm                Conj/Ice       24%        3d7       17%         4
 Silence                  Hex/Air        12%        N/A       41%         5
 Animate Dead             Necr           1%         N/A       77%         4
 Cause Fear               Hex            1%         N/A       77%         4
 Agony                    Necr           3%         N/A       98%         5
 Metabolic Englaciation   Hex/Ice        1%         N/A       98%         5
 Yara's Violent Unravell  Hex/Tmut       1%         3d3       98%         5
 Discord                  Hex            1%         N/A       100%        8


Dungeon Overview and Level Annotations

Branches:
Dungeon (6/15)              Sewer (visited)
 Temple: D:4-7

Altars:
Fedhas
Ru
Sif Muna
Trog

Shops:
D:2 ??[

Annotations:
D:4 Edmund
D:6 Maggie


Innate Abilities, Weirdness & Mutations

You have a beak for a mouth.
You have claws for feet.
Your magical nature lets you fly swiftly and evasively.


Message History

The orc hits you but does no damage.
Unknown command.
Unknown command.
Unknown command.
Casting: Shock (safe; 1% risk of failure)
Confirm with . or Enter, or press ? or * to list all spells.
Aiming: Shock (safe; 1% risk of failure)
Press: ? - help, Shift-Dir - straight line The zap misses the orc.
The zap hits Maggie.
Maggie is moderately wounded.
Maggie completely misses you. The orc misses you.
Unknown command.
Unknown command.
Unknown command.
Unknown command.
Casting: Shock (safe; 1% risk of failure)
Confirm with . or Enter, or press ? or * to list all spells.
Aiming: Shock (safe; 1% risk of failure)
Press: ? - help, Shift-Dir - straight line The zap hits the orc.
You kill the orc!
Sif Muna accepts your kill.
The zap hits Maggie!
Maggie is heavily wounded.
Maggie hits you from afar with a +1 glaive of flaming.
Maggie burns you. Maggie casts a spell at you. The bolt of fire hits you!!
Ouch! That really hurt!
* * * LOW HITPOINT WARNING * * *
Items here: )) [ ††.
Casting: Shock (safe; 1% risk of failure)
Confirm with . or Enter, or press ? or * to list all spells.
Maggie is struck by an arc of lightning!
Maggie is severely wounded.
You are struck by an arc of lightning.
* * * LOW HITPOINT WARNING * * *
The lightning grounds out.
Maggie hits you with a +1 glaive of flaming!
You die...

#....######
#...........$.
#..##....#####
# #. # #...##
... #.!Y# ..
.#. #...o .#
.. #..#.####
#.# #.
#..#W#..### ..
#.# #..@@..##
.# #.###..
#..###..###.#
#...... ......
##.....#
######.
........#
####.## ##
..........
#.†##
<......#..#
##..## ......#
..#
##..#######
.#...# ..#
##........
#########


You could see Maggie (mesmerising) and a phantom.

Vanquished Creatures
  A black bear (D:5)
  Purgy (Sewer)
  A sky beast (D:5)
  A necrophage (D:6)
  2 ogres
  2 phantoms (D:5)
  A bullfrog (D:6)
  A scorpion (D:3)
  A bullfrog zombie (D:6)
  5 hounds
  2 jellies (D:4)
  3 orc priests
  Crazy Yiuf (D:3)
  A centaur skeleton (D:5)
  Terence (D:3)
  2 iguanas (D:5)
  Natasha (twice) (D:3)
  3 orc wizards (D:5)
  3 howler monkey zombies (D:5)
  Robin (D:4)
  4 gnolls
  9 adders
  A white imp (D:5)
  2 ufetubi
  4 worms
  3 dart slugs
  17 orcs
  11 ball pythons
  5 endoplasms
  12 goblins
  17 hobgoblins
  7 jackals
  6 quokkas
  3 bats
  4 frilled lizards
  5 kobolds
  11 rats
156 creatures vanquished.

Vanquished Creatures (collateral kills)
  An endoplasm (D:2)
1 creature vanquished.

Vanquished Creatures (others)
  3 plants (D:4)
3 creatures vanquished.

Grand Total: 160 creatures vanquished

Notes
Turn   | Place    | Note
-------+----------+-------------------------------------------
     0 | D:1      | Feb132020 the Tengu Air Elementalist began the quest for
                  | the Orb.
     0 | D:1      | Reached XP level 1. HP: 10/10 MP: 4/4
   233 | D:1      | Reached XP level 2. HP: 11/15 MP: 0/6
   236 | D:1      | Learned a level 2 spell: Static Discharge
   705 | D:1      | Reached XP level 3. HP: 18/19 MP: 0/7
   709 | D:1      | Learned a level 3 spell: Swiftness
   976 | D:1      | Found a faded altar of an unknown god.
  1327 | D:2      | Found Ityb's Magic Scroll Emporium.
  1335 | D:2      | Bought a scroll of identify for 24 gold pieces
  1363 | D:2      | Reached skill level 5 in Air Magic
  1403 | D:2      | Found Ikobrior's Armour Emporium.
  1592 | D:2      | Found Etsasorph's Magic Scroll Shoppe.
  1730 | D:2      | Reached XP level 4. HP: 17/24 MP: 5/8
  2339 | D:3      | Noticed Terence
  3037 | D:3      | Noticed an ogre
  3048 | D:3      | Killed an ogre
  3049 | D:3      | Gained mutation: Your magical nature lets you fly swiftly
                  | and evasively. [Tengu growth]
  3049 | D:3      | Reached XP level 5. HP: 28/28 MP: 5/10
  3294 | D:3      | Noticed Natasha
  3299 | D:3      | Killed Natasha
  3316 | D:3      | Noticed Natasha
  3408 | D:3      | Found a runed translucent door.
  3483 | D:3      | Killed Terence
  3484 | D:3      | Reached skill level 6 in Air Magic
  3484 | D:3      | Reached XP level 6. HP: 29/32 MP: 0/11
  3641 | D:3      | Noticed Crazy Yiuf
  3661 | D:3      | Killed Crazy Yiuf
  3780 | D:4      | Reached skill level 5 in Conjurations
  3787 | D:4      | Identified the ring of Miracles {rC+ Int+4}
  3883 | D:4      | Found a glowing drain.
  3894 | Sewer    | Entered a sewer
  4073 | Sewer    | Noticed Purgy
  4241 | Sewer    | Killed Purgy
  4459 | D:4      | Reached XP level 7. HP: 36/36 MP: 5/12
  4625 | D:4      | Reached skill level 7 in Air Magic
  4651 | D:5      | Entered Level 5 of the Dungeon
  4821 | D:4      | Noticed Edmund
  4884 | D:4      | Found a blossoming altar of Fedhas.
  4930 | D:4      | Noticed Robin
  4990 | D:4      | Found a bloodstained altar of Trog.
  5038 | D:3      | Killed Natasha
  5111 | D:4      | Reached skill level 1 in Short Blades
  5364 | D:4      | Killed Robin
  5655 | D:5      | Reached skill level 8 in Air Magic
  6046 | D:5      | Reached XP level 8. HP: 42/42 MP: 6/13
  6051 | D:5      | Learned a level 4 spell: Airstrike
  6103 | D:5      | Found a shimmering blue altar of Sif Muna.
  6110 | D:5      | Became a worshipper of Sif Muna the Loreminder
  6493 | D:5      | Reached skill level 9 in Air Magic
  6715 | D:5      | Found a sacrificial altar of Ru.
  7452 | D:6      | Reached XP level 9. HP: 38/46 MP: 10/14
  7473 | D:6      | Reached skill level 10 in Air Magic
  7479 | D:6      | Noticed Maggie
  7493 | D:6      | Slain by Maggie

Illustrated notes

Levels and vault maps discovered:
D:1:      lightli_arrival_isolated_outpost, layout_basic,
          ebering_ecumenical_altar_box
D:2:      layout_loops_cross, serial_shops,
          nicolae_shop_competitors_out_of_business, shop,
          nicolae_shop_waterfront, kennysheep_generic_room_4
D:3:      layout_rooms, kennysheep_generic_room_10, uniq_crazy_yiuf_cottage,
          uniq_natasha, uniq_terence
D:4:      layout_cave_pools, lemuel_crystal_altar, trog_book,
          gup_sewer_entry_bubbles, grunt_decor_clamped, serial_bayou_crossing,
          uniq_robin, uniq_edmund
D:5:      black_bear_nest_2, layout_layer_cave, kennysheep_mini_moat,
          old_standard_altar, sigmund_army
D:6:      layout_rooms, gammafunk_temple_overflow_pools, uniq_maggie,
          uniq_eustachio

Skill      XL: |  1  2  3  4  5  6  7  8  9 |
---------------+----------------------------+-----
Conjurations   | 2 4 5 7 9 |  9.6
Air Magic      | 5 6 8 9 10 | 10.0
Dodging        | 3 |  3.8
Short Blades   | 1 |  1.3
Stealth        | 3 |  3.1
Fighting       | |  0.8
Spellcasting   | |  2.8

Action                   |  1- 3 |  4- 6 |  7- 9 || total
-------------------------+-------+-------+-------++-------
Melee: Dagger            |    20 |    33 |    21 ||    74
       Kick              |     3 |     8 |     2 ||    13
       Peck              |     1 |    10 |     3 ||    14
 Cast: Shock             |    69 |   106 |   135 ||   310
       Static Discharge  |       |    12 |    27 ||    39
       Airstrike         |       |       |     2 ||     2
  Use: Scroll            |     8 |     4 |     4 ||    16
 Stab: Sleeping          |     3 |     2 |     3 ||     8
Armor: Robe              |     1 |     3 |    11 ||    15
Dodge: Dodged            |    10 |    43 |    41 ||    94

Table legend: (Time is in decaauts)
 A = Elapsed time spent in this place.
 B = Non-inter-level travel time spent in this place.
 C = Inter-level travel time spent in this place.
 D = Time resting spent in this place.
 E = Time spent auto-exploring this place.
 F = Levels seen in this place.
 G = Mean time per level.
                   A        B        C        D        E       F      G
               +--------+--------+--------+--------+--------+-----+--------+
         Total |   7274 |   7019 |    255 |    909 |   4789 |   7 | 1039.1 |
       Dungeon |   6794 |   6539 |    255 |    909 |   4415 |   6 | 1132.3 |
         Sewer |    480 |    480 |      0 |      0 |    373 |   1 |  480.0 |
               +--------+--------+--------+--------+--------+-----+--------+

Top non-repeatable levels by time:
     D:5: 1705 daAuts
     D:3: 1514 daAuts
     D:2: 1197 daAuts
     D:4: 1191 daAuts
     D:1: 1085 daAuts
   Sewer: 480 daAuts
     D:6: 100 daAuts
